 Dungeon Crawl Stone Soup version 0.22-a0-525-gf69a080 (webtiles) character file.

21 kae the Insei (level 2, -7/21 HPs)
             Began as a Demonspawn Transmuter on June 21, 2018.
             Mangled by a worm (8 damage)
             ... on level 3 of the Dungeon.
             The game lasted 00:00:48 (1514 turns).

kae the Insei (Demonspawn Transmuter)               Turns: 1514, Time: 00:00:48

Health: -7/21      AC:  2    Str: 10    XL:     2   Next: 65%
Magic:  5/5        EV: 12    Int: 14    God:
Gold:   46         SH:  0    Dex: 13    Spells: 2/5 levels left

rFire    . . .     SeeInvis .   c - +0 short sword
rCold    . . .     Gourm    .   (no shield)
rNeg     . . .     Faith    .   b - +0 robe
rPois    .         Spirit   .   (no helmet)
rElec    .         Reflect  .   (no cloak)
rCorr    .         Harm     .   (no gloves)
MR       .....                  (boots currently unavailable)
Stlth    +.........             (no amulet)
HPRegen  0.07/turn              (no ring)
MPRegen  0.09/turn              (no ring)

@: appendage (expiring)
A: claws 1, talons 3
a: End Transformation


You were on level 3 of the Dungeon.
You were not hungry.
You had grown temporary talons.
You visited 1 branch of the dungeon, and saw 3 of its levels.

You collected 46 gold pieces.

Inventory:

Hand Weapons
 c - a +0 short sword (weapon)
Missiles
 a - 23 arrows
Armour
 b - a +0 robe (worn)
Scrolls
 f - a scroll of teleportation
Potions
 e - a potion of heal wounds {unknown}
 g - a potion of lignification {unknown}
 h - a potion of degeneration {unknown}
Comestibles
 d - 4 rations


   Skills:
 + Level 1.3 Fighting
 + Level 2.0 Dodging
 * Level 3.0 Unarmed Combat
 + Level 2.1 Spellcasting
 * Level 2.2 Transmutations


You had 2 spell levels left.
You knew the following spells:

 Your Spells              Type           Power        Failure   Level  Hunger
a - Beastly Appendage     Tmut           #.....       10%         1    ##.....
b - Sticks to Snakes      Tmut           #.......     14%         2    ###....

Your spell library contained the following spells:

 Spells                   Type           Power        Failure   Level  Hunger
 Spider Form              Tmut/Pois      #.........   41%         3    ####...
 Blade Hands              Tmut           #.........   95%         5    ######.
 Ice Form                 Ice/Tmut       #.......     83%         4    #####..


Dungeon Overview and Level Annotations

Branches:
Dungeon (2/15)

Altars:
Ashenzari


Innate Abilities, Weirdness & Mutations

You have sharp fingernails.
You have claws for feet.


Message History

You hit the worm. You claw the worm.
The worm is lightly wounded.
The worm bites you!
You are too injured to fight recklessly!
You are too injured to fight recklessly!
You are too injured to fight recklessly!
You are too injured to fight recklessly!
You are too injured to fight recklessly!
You are too injured to fight recklessly!
You hit the worm.
The worm is moderately wounded.
You hit the worm.
The worm is moderately wounded.
The worm bites you!
* * * LOW HITPOINT WARNING * * *
You barely miss the worm.
The worm is moderately wounded.
Your transformation is almost over.
The worm bites you!
You die...

.. #. ##.## ....
#..# ..####
#w...# #@#####
.. #.#...####
...
#........##...
###...........
#...........
###.####........
................
###.####........
#.# #....###.#


You could see a worm.

Vanquished Creatures
  2 dart slugs (D:1)
  5 hobgoblins (D:1)
  2 kobolds (D:1)
  A ball python (D:3)
  3 goblins
  4 rats
17 creatures vanquished.

Notes
Turn   | Place    | Note
-------+----------+-------------------------------------------
     0 | D:1      | kae the Demonspawn Transmuter began the quest for the Orb.
     0 | D:1      | Reached XP level 1. HP: 15/15 MP: 3/3
    98 | D:1      | Gained mutation: You have sharp fingernails. [demonic ancestry]
    98 | D:1      | Reached XP level 2. HP: 5/21 MP: 5/5
   456 | D:1      | Learned a level 2 spell: Sticks to Snakes
  1193 | D:1      | Reached skill level 3 in Unarmed Combat
  1428 | D:2      | You fall through a shaft!
  1428 | D:3      | Found a shattered altar of Ashenzari.
  1513 | D:3      | HP: 1/21 [worm (10)]
  1514 | D:3      | Mangled by a worm

Vault maps used:
D:1:      minmay_arrival_four_houses, minmay_misc_feat_columns,
          wad_floor_pattern_1
D:2:      grunt_dithmenos_smoke, lemuel_round_altar,
          chequers_ecumenical_altar_lobes, uniq_jessica
D:3:      nicolae_qazlal_style_of_elements, ashenzari_conservatory_becter,
          first_ration

Skill      XL: |  1  2 |
---------------+-------+-----
Transmutations | 2 |  2.2
Unarmed Combat | 3 |  3.0
Dodging        | 2 |  2.0
Fighting       | |  1.3
Spellcasting   | |  2.1

Action                   || total
-------------------------++-------
Melee: Unarmed           ||    12
       Short sword       ||    40
       Headbutt          ||     5
       Kick              ||     2
 Cast: Beastly Appendage ||    12
  Use: Scroll            ||     1
  Eat: Chunk             ||     2
Armor: Robe              ||     9
Dodge: Dodged            ||    16

Table legend:
 A = Spawn XP
 B = Non-spawn XP
 C = Spawn XP percentage of total XP
 D = Spawn monster count
 E = Non-spawn monster count
 F = Spawn count percentage of total count
 G = Total turns spent on level
                    A         B        C        D         E        F      G
               +---------+---------+-------+---------+---------+-------+---------
         Total |       0 |      31 |   0.0 |       0 |      17 |   0.0 |  1514
               +---------+---------+-------+---------+---------+-------+---------
           D:1 |       0 |      26 |   0.0 |       0 |      13 |   0.0 |  1371
           D:2 |       0 |       2 |   0.0 |       0 |       1 |   0.0 |    57
           D:3 |       0 |       3 |   0.0 |       0 |       3 |   0.0 |    86
               +---------+---------+-------+---------+---------+-------+---------
